 Dungeon Crawl Stone Soup version 0.25.0-11-g1f837a7 (webtiles) character file.

Game seed: 1072075396409558524

10042 sollaires the Geomancer (level 11, -8/64 HPs)
             Began as a Gargoyle Earth Elementalist on June 27, 2020.
             Was a Believer of Vehumet.
             Mangled by a black mamba (12 damage)
             ... on level 1 of the Lair of Beasts.
             The game lasted 01:28:45 (16342 turns).

sollaires the Geomancer (GrEE)                     Turns: 16342, Time: 01:28:45

Health: -8/64      AC: 12    Str:  8    XL:     11   Next: 55%
Magic:  2/21       EV: 14    Int: 18    God:    Vehumet [**....]
Gold:   444        SH:  0    Dex: 10    Spells: 12/24 levels left

rFire    + . .     SeeInvis .   l - +1 whip (freeze)
rCold    x . .     Gourm    .   (no shield)
rNeg     + . .     Faith    .   h - +2 robe of Defence {Harm +Fly rElec Str-5}
rPois    ∞         Spirit   .   (no helmet)
rElec    +         Reflect  .   (no cloak)
rCorr    .         Harm     +   (no gloves)
MR       .....                  (no boots)
Stlth    ++........             r - amulet of regeneration
HPRegen  0.60/turn              F - ring of fire
MPRegen  0.17/turn              (no ring)

@: hasted, very quick
A: negative energy resistance 1, electricity resistance, unbreathing,
petrification resistance, rot immunity, AC +8
a: Renounce Religion, Evoke Flight


You were on level 1 of the Lair of Beasts.
You worshipped Vehumet.
Vehumet was pleased with you.
You were not hungry.

You visited 3 branches of the dungeon, and saw 12 of its levels.

You collected 444 gold pieces.

Inventory:

Hand Weapons
 l - a +1 whip of freezing (weapon)
 q - the +9 trident "Zeigerewn" {protect, rPois Int-2 Stlth+}
   (You took it off an orc wizard on level 8 of the Dungeon)

   It grants its wielder temporary protection when it strikes (+7 to AC).
   It affects your intelligence (-2).
   It protects you from poison.
   It makes you more stealthy.
 w - a +1 vorpal dire flail
Missiles
 p - 27 stones (quivered)
Armour
 c - a +1 robe
 h - the +2 robe of Defence (worn) {Harm +Fly rElec Str-5}
   (You took it off an orc wizard on level 5 of the Dungeon)

   It affects your strength (-5).
   It insulates you from electricity.
   It lets you fly.
   It increases damage dealt and taken.
Jewellery
 r - an amulet of regeneration (around neck)
 A - an uncursed amulet of reflection
 F - a ring of fire (left hand)
Wands
 a - a wand of paralysis (16)
 t - a wand of digging (5)
 y - a wand of enslavement (2)
 C - a wand of acid (12)
Scrolls
 g - 2 scrolls of magic mapping
 n - 4 scrolls of remove curse
 o - a scroll of noise {unknown}
 u - a scroll of identify
Potions
 b - a potion of resistance {unknown}
 e - 2 potions of lignification
 f - a potion of invisibility {unknown}
 i - 2 potions of curing
 j - a potion of degeneration {unknown}
 k - 2 potions of haste
 m - 2 potions of brilliance {unknown}
 s - 2 potions of mutation {unknown}
 v - a potion of cancellation {unknown}
 x - 3 potions of might
 z - 2 potions of ambrosia
 B - 4 potions of flight
Comestibles
 d - 15 rations


   Skills:
 + Level 6.3 Fighting
 - Level 5.2 Maces & Flails
 - Level 6.1 Armour
 + Level 5.0 Dodging
 - Level 2.1 Stealth
 * Level 7.1 Spellcasting
 + Level 7.2 Conjurations
   Level 0.7 Transmutations
 * Level 0.5 Fire Magic
 + Level 9.7 Earth Magic
 + Level 5.1 Evocations


You had 12 spell levels left.
You knew the following spells:

 Your Spells              Type           Power        Failure   Level  Hunger
a - Sandblast             Erth           #####.       1%          1    None
b - Stone Arrow           Conj/Erth      #####.       1%          3    ##.....
c - Lee's Rapid Deconstr  Erth           #####.....   5%          5    #####..
d - Conjure Flame         Conj/Fire      ####....     6%          3    ##.....

Your spell library contained the following spells:

 Spells                   Type           Power        Failure   Level  Hunger
 Searing Ray              Conj           ####..       1%          2    None
 Passwall                 Tmut/Erth      ####....     1%          2    None
 Foxfire                  Conj/Fire      ####         2%          1    None
 Beastly Appendage        Tmut           #.....       8%          1    None
 Sticks to Snakes         Tmut           #.......     12%         2    None
 Petrify                  Tmut/Erth      ####....     12%         4    ####...
 Sticky Flame             Conj/Fire      ####....     22%         4    ####...
 Inner Flame              Hex/Fire       ##......     28%         3    ##.....
 Spider Form              Tmut/Pois      #.........   28%         3    ##.....
 Fireball                 Conj/Fire      ####......   52%         5    #####..
 Ice Form                 Ice/Tmut       #.......     67%         4    ####...
 Blade Hands              Tmut           #.........   91%         5    #####..


Dungeon Overview and Level Annotations

Branches:
Dungeon (9/15)             Temple (1/1) D:7            Lair (2/6) D:9
  Swamp: Lair:2-4    Shoals: Lair:2-4     Snake: Lair:2-4    Spider: Lair:2-4
    Orc: D:9-12

Altars:
Ashenzari
Cheibriados
Dithmenos
Elyvilon
Fedhas
Gozag
Hepliaklqana
Kikubaaqudgha
Makhleb
Nemelex Xobeh
Okawaru
Qazlal
Ru
Sif Muna
Trog
Uskayaw
Vehumet
Wu Jian
Xom
Yredelemnul
Zin
The Shining One

Annotations:
D:2 Sigmund
D:5 1 transporter
D:8 Gastronok


Innate Abilities, Weirdness & Mutations

You are resistant to torment.
Your stone body is resilient. (AC +8)
You are immune to poison.
You resist negative energy. (rN+)
You are resistant to electric shocks. (rElec)
You can survive without breathing.
You are immune to petrification.
You are immune to rotting.


Message History

The black mamba misses you.
You barely miss the black mamba.
The black mamba is almost dead.
The black mamba closely misses you. The black mamba bites you!
You hit the black mamba but do no damage.
The black mamba is almost dead.
The black mamba bites you!
You hit the black mamba but do no damage.
The black mamba is almost dead.
The black mamba misses you. x2
The black mamba bites you. The black mamba bites you.
The black mamba bites you!
* * * LOW HITPOINT WARNING * * *
You feel better. The black mamba barely misses you. The black mamba bites you!
* * * LOW HITPOINT WARNING * * *
You feel yourself speed up.
The black mamba bites you but does no damage.
The black mamba bites you!
You die...

# ### #..........##
##..........##
#...........##
#.....##.....##
##.....##......##
#P......###.....####
###.....##
##.....#.# #.......#
##.....#. #...@...##
##...... ###..S....#
##..... #P.......##
##.... #........##
##... ##>........#
##.# ###.........##
### #...........#
###....#.....#
#......#.....#


You could see a black mamba.

Vanquished Creatures
  Pikel (D:7)
  A black mamba (D:9)
  A spiny frog (Lair:2)
  2 komodo dragons (Lair:1)
  A troll (D:9)
  A hornet (D:9)
  4 hippogriffs (Lair:1)
  A wraith (D:8)
  14 yaks
  Eustachio (D:6)
  2 hungry ghosts (D:9)
  Edmund (D:6)
  A water moccasin (Lair:1)
  4 porcupines
  2 orc warriors
  A black bear (D:9)
  2 sky beasts
  2 slaves (D:7)
  An ice beast (D:5)
  A necrophage (D:7)
  A wolf (Lair:1)
  3 ogres
  3 phantoms
  2 centaurs
  6 crocodiles
  7 bullfrogs
  6 scorpions
  5 killer bees
  A centaur zombie (D:7)
  4 crimson imps
  4 jellies
  3 orc priests
  2 centaur skeletons
  2 hounds
  2 bullfrog zombies
  A bullfrog skeleton (D:8)
  11 orc wizards
  3 worker ants
  Terence (D:2)
  An iguana (D:6)
  Natasha (thrice) (D:2)
  A hound zombie (D:9)
  2 hound skeletons
  A worker ant zombie (D:9)
  7 adders
  3 shadow imps
  An ooze (D:1)
  2 adder zombies
  An adder skeleton (D:4)
  2 worms
  3 dart slugs
  4 leopard geckos
  37 orcs
  3 giant cockroaches
  10 goblins
  16 hobgoblins
  20 jackals
  9 kobolds
  4 quokkas
  4 ball pythons
  2 bats
  6 frilled lizards
  2 quokka skeletons
  A quokka zombie (D:8)
  4 rats
260 creatures vanquished.

Vanquished Creatures (collateral kills)
  A bullfrog (D:8)
  An adder (D:8)
  A jackal (D:8)
3 creatures vanquished.

Vanquished Creatures (others)
  A komodo dragon (Lair:1)
  2 slaves (D:8)
  An ogre (D:8)
  45 fungi
  31 plants (D:9)
80 creatures vanquished.

Grand Total: 343 creatures vanquished

Notes
Turn   | Place    | Note
-------+----------+-------------------------------------------
     0 | D:1      | sollaires the Gargoyle Earth Elementalist began the quest
                  | for the Orb.
     0 | D:1      | Reached XP level 1. HP: 10/10 MP: 3/3
   219 | D:1      | Reached skill level 4 in Earth Magic
   219 | D:1      | Reached XP level 2. HP: 15/15 MP: 1/5
   543 | D:1      | Reached XP level 3. HP: 19/19 MP: 0/6
  1170 | D:1      | Learned a level 3 spell: Stone Arrow
  1187 | D:2      | Noticed Natasha
  1515 | D:2      | Killed Natasha
  1515 | D:2      | Reached XP level 4. HP: 9/24 MP: 5/8
  1632 | D:2      | Noticed Natasha
  1636 | D:2      | Killed Natasha
  1636 | D:2      | Reached skill level 5 in Earth Magic
  1709 | D:2      | Noticed Natasha
  1715 | D:2      | Killed Natasha
  1786 | D:2      | Reached XP level 5. HP: 28/28 MP: 7/10
  1791 | D:2      | Noticed Terence
  1951 | D:2      | Noticed Sigmund
  2352 | D:2      | Killed Terence
  2700 | D:3      | Reached skill level 1 in Conjurations
  3116 | D:3      | Found a snail-covered altar of Cheibriados.
  3893 | D:3      | Reached skill level 6 in Earth Magic
  3893 | D:3      | Reached XP level 6. HP: 32/32 MP: 2/12
  3900 | D:3      | Learned a level 5 spell: Lee's Rapid Deconstruction
  4130 | D:4      | Noticed a phantom
  4322 | D:4      | Found a burning altar of Makhleb.
  4324 | D:4      | Found a shimmering altar of Xom.
  4661 | D:5      | Entered Level 5 of the Dungeon
  4667 | D:5      | Reached XP level 7. HP: 36/36 MP: 11/13
  5105 | D:5      | Found a hazy altar of Hepliaklqana.
  5589 | D:5      | Found a sparkling altar of Nemelex Xobeh.
  5589 | D:5      | Found a transporter.
  5590 | D:5      | Noticed a slime creature
  5670 | D:6      | Noticed Edmund
  5701 | D:5      | Identified the +2 robe of Defence {Harm +Fly rElec Str-5}
  5926 | D:5      | Reached skill level 1 in Fighting
  5926 | D:5      | Reached skill level 7 in Earth Magic
  6398 | D:5      | Reached skill level 1 in Maces & Flails
  6398 | D:5      | Reached skill level 1 in Armour
  6398 | D:5      | Reached skill level 1 in Evocations
  6398 | D:5      | Reached XP level 8. HP: 43/43 MP: 9/15
  6507 | D:5      | Reached skill level 5 in Spellcasting
  6713 | D:6      | Killed Edmund
  7036 | D:6      | Noticed Eustachio
  7043 | D:6      | Killed Eustachio
  7962 | D:7      | Reached XP level 9. HP: 50/50 MP: 12/17
  8140 | D:7      | Found a staircase to the Ecumenical Temple.
  8149 | Temple   | Entered the Ecumenical Temple
  8339 | Temple   | Became a worshipper of Vehumet
  8835 | D:7      | Found a shadowy altar of Dithmenos.
  9004 | D:7      | Reached skill level 5 in Conjurations
  9361 | D:8      | Found an ornate altar of the Wu Jian Council.
  9377 | D:8      | Noticed Pikel
  9388 | D:8      | Reached skill level 8 in Earth Magic
  9413 | D:8      | Noticed Gastronok
  9660 | D:8      | Identified the +9 trident "Zeigerewn" {protect, rPois Int-2
                  | Stlth+}
 10208 | D:7      | Reached * piety under Vehumet
 10208 | D:7      | Offered knowledge of Foxfire by Vehumet.
 10342 | D:7      | Killed Pikel
 10342 | D:7      | Reached XP level 10. HP: 57/58 MP: 0/19
 10693 | D:8      | You fall into a shaft and drop 1 floor!
 11471 | D:9      | Reached skill level 5 in Fighting
 12263 | D:9      | Found a staircase to the Lair.
 12271 | D:9      | Reached skill level 5 in Armour
 12271 | D:9      | Reached skill level 9 in Earth Magic
 12406 | D:9      | Offered knowledge of Searing Ray by Vehumet.
 13062 | D:9      | Learned a level 3 spell: Conjure Flame
 13153 | Lair:1   | Entered Level 1 of the Lair of Beasts
 13510 | Lair:1   | Reached XP level 11. HP: 64/64 MP: 14/20
 13873 | Lair:1   | HP: 3/64 [komodo dragon (22)]
 14325 | Lair:1   | Reached ** piety under Vehumet
 14736 | Lair:1   | Reached skill level 5 in Maces & Flails
 15374 | Lair:1   | Reached skill level 5 in Evocations
 15841 | Lair:1   | Reached skill level 5 in Dodging
 16342 | Lair:1   | Mangled by a black mamba

Illustrated notes

Levels and vault maps discovered:
D:1:      erik_arrival_blinker_ship, layout_basic, serial_glass,
          glass_columns_a, glass_columns_a, minmay_misc_feat_roman,
          minmay_unequal
D:2:      layout_basic, serial_bayou_pond_c, uniq_terence, uniq_sigmund,
          uniq_natasha
D:3:      layout_loops_corners, kennysheep_slug_shrine, nrook_loot_triangle
D:4:      layout_rooms, grunt_temple_overflow_champion_of_chaos, first_ration
D:5:      corexii_shack_village, layout_basic, old_standard_altar,
          grunt_nemelex_the_gamble
D:6:      layout_basic, uniq_eustachio, uniq_edmund
D:7:      layout_rooms, kennysheep_mini, temple_doors_e
D:8:      layout_basic, old_standard_altar, uniq_gastronok, uniq_pikel
D:9:      layout_cave_pods, due_lair_maze_entry_diamond
Temple:   eino_temple_rhombus
Lair:1:   layout_hall_layers
Lair:2:   layout_layer_cave, portal_ice_cave_entry_imps, lemuel_fruit_tree,
          grunt_megastairs_5, infiniplex_staircase_pool, serial_bayou_shore_a

Skill      XL: |  1  2  3  4  5  6  7  8  9 10 11 |
---------------+----------------------------------+-----
Earth Magic    | 4 5 6 7 8 9 |  9.7
Spellcasting   | 3 4 5 6 7 |  7.1
Conjurations   | 1 3 4 5 6 7 |  7.2
Fighting       | 1 3 4 5 6 |  6.3
Maces & Flails | 1 2 3 4 5 |  5.2
Armour         | 1 2 4 5 6 |  6.1
Evocations     | 1 2 3 4 5 |  5.1
Dodging        | 2 3 4 5 |  5.0
Stealth        | |  2.1
Transmutations | |  0.7
Fire Magic     | |  0.5

Action                   |  1- 3 |  4- 6 |  7- 9 | 10-12 || total
-------------------------+-------+-------+-------+-------++-------
Melee: Unarmed           |     1 |       |       |       ||     1
       Dagger            |     2 |       |       |       ||     2
       Whip              |    15 |       |    13 |     4 ||    32
 Cast: Sandblast         |    55 |    76 |   168 |    61 ||   360
       Stone Arrow       |       |    13 |    80 |   149 ||   242
       Lee's Rapid Decon |       |       |     2 |    24 ||    26
       Conjure Flame     |       |       |       |    10 ||    10
Evoke: Wand              |       |       |     9 |     6 ||    15
  Use: Scroll            |       |     6 |     9 |     6 ||    21
       Potion            |       |       |     2 |     4 ||     6
  Eat: Chunk             |     2 |    10 |    13 |    20 ||    45
       Ration            |       |       |     3 |     3 ||     6
Armor: Robe              |    17 |     6 |    57 |    39 ||   119
Dodge: Dodged            |    22 |     8 |   100 |    67 ||   197
